 Dungeon Crawl Stone Soup version 0.28.0-53-g5a82cb258f (webtiles) character file.

Game seed: 14234230326464307919

125 diana the Insei (level 4, -2/36 HPs)
             Began as a Demigod Transmuter on Aug 21, 2022.
             Killed from afar by an orc wizard (8 damage)
             ... with a puff of flame
             ... on level 2 of the Dungeon.
             The game lasted 00:04:33 (2107 turns).

diana the Insei (Demigod Transmuter)                Turns: 2107, Time: 00:04:34

Health: -2/36      AC:  5    Str: 11    XL:     4   Next: 53%
Magic:  9/10       EV: 12    Int: 19    God:
Gold:   110        SH:  5    Dex: 14    Spells: 6/7 levels left

rFire   . . .      SeeInvis .     - Unarmed
rCold   . . .      Faith    .   (no shield)
rNeg    . . .      Spirit   .   a - +0 robe
rPois   .          Reflect  +   (helmet currently unavailable)
rElec   .          Harm     .   (no cloak)
rCorr   .          Rampage  .   d - +2 pair of gloves
Will    .....                   (boots currently unavailable)
Stlth   +.........              c - amulet of reflection
HPRegen 0.12/turn               (no ring)
MPRegen 0.12/turn               (no ring)

@: lethally poisoned (-2 -> -17), appendages
A: horns 2, talons 2, high MP 1, forlorn, divine attributes
a: End Transformation


You were on level 2 of the Dungeon.
You had temporarily grown beastly horns and talons.
You visited 1 branch of the dungeon, and saw 3 of its levels.

You collected 110 gold pieces.

Inventory:

Armour
 a - a +0 robe (worn)
 d - a +2 pair of gloves (worn)
Jewellery
 c - an amulet of reflection (around neck)
 j - a ring of positive energy
Scrolls
 b - 2 scrolls of immolation {unknown}
 e - a scroll of fog {unknown}
 f - a scroll of teleportation {unknown}
 h - 3 scrolls of identify {unknown}
 i - a scroll of acquirement {unknown}
Potions
 g - a potion of berserk rage {unknown}
 k - a potion of heal wounds {unknown}
 l - a potion of magic {unknown}


   Skills:
 + Level 1.9 Fighting
 + Level 2.3 Dodging
 * Level 3.7 Unarmed Combat
 + Level 2.3 Spellcasting
 + Level 2.4 Transmutations


You had 6 spell levels left.
You knew the following spells:

 Your Spells              Type           Power      Damage    Failure   Level
a - Beastly Appendage     Tmut           22%        N/A       6%          1

Your spell library contained the following spells:

 Spells                   Type           Power      Damage    Failure   Level
 Wereblood                Tmut           11%        N/A       9%          2
 Spider Form              Tmut/Pois      6%         N/A       30%         3
 Ice Form                 Ice/Tmut       6%         N/A       69%         4


Dungeon Overview and Level Annotations

Branches:
Dungeon (3/15)

Shops:
D:3 *


Innate Abilities, Weirdness & Mutations

You have temporarily grown beastly horns and talons.
You have an increased reservoir of magic. (+10% MP)
You shall have no god before yourself.
Your divine heritage dramatically boosts your attributes as you level up.


Message History

There is a stone staircase leading up here.
You climb upwards.
There is a stone staircase leading down here.
You start resting.
HP restored.
You climb downwards.
There is a stone staircase leading up here.
You grow a pair of large bovine horns.
Your feet morph into talons.
The orc wizard hits you with a +1 dagger of venom.
You are poisoned.
You climb upwards.
You feel very sick.
There is a stone staircase leading down here.
You punch the orc wizard! You headbutt the orc wizard.
The orc wizard is severely wounded.
You feel sick.
The orc wizard hits you with a +1 dagger of venom.
You are more poisoned.
You miss the orc wizard.
The orc wizard is severely wounded.
You feel very sick.
The orc wizard hits you with a +1 dagger of venom.
You are lethally poisoned!
You are too injured to fight recklessly!
You are too injured to fight recklessly!
You are too injured to fight recklessly!
You are too injured to fight recklessly!
You miss the orc wizard. Your punch misses the orc wizard.
The orc wizard is severely wounded.
You feel very sick.
The orc wizard points at you and mumbles some strange words.
The puff of flame hits you.
* * * LOW HITPOINT WARNING * * *
You hit the orc wizard. Your kick misses the orc wizard.
The orc wizard is almost dead.
* * * LOW HITPOINT WARNING * * *
You feel very sick.
The orc wizard gestures at you while chanting.
The puff of flame hits you!
You die...

##.# ###.###......###.#. #..#
#....##............ #..#
#....##..........## #..#
#....##..#.####.... #..#
#........#.#....#.. #..#
#....##............ #..#
#....##..#......... #..#
#o...##.#..........
#.######.@.........#######
#........###..........###
#.######..(.............# #.#
#.####...........# #.## #.#
#...........## #######..#
##.####...........#.
#........####....<.<.........#..
#.............######....#...#..#
#.......#..##.# #....######..##


You could see an orc wizard.

Vanquished Creatures
  An iguana (D:3)
  A gnoll (D:1)
  3 adders (D:2)
  A worm (D:2)
  A dart slug (D:1)
  9 endoplasms
  2 giant cockroaches
  4 goblins
  A hobgoblin (D:3)
  9 jackals
  2 quokkas
  4 ball pythons
  4 bats
  3 frilled lizards
  6 kobolds
  3 rats
54 creatures vanquished.

Vanquished Creatures (others)
  2 plants (D:2)
2 creatures vanquished.

Grand Total: 56 creatures vanquished

Notes
Turn   | Place    | Note
-------+----------+-------------------------------------------
     0 | D:1      | diana the Demigod Transmuter began the quest for the Orb.
     0 | D:1      | Reached XP level 1. HP: 15/15 MP: 5/5
    36 | D:1      | Reached skill level 1 in Fighting
   231 | D:1      | Reached skill level 3 in Unarmed Combat
   231 | D:1      | Reached XP level 2. HP: 23/23 MP: 5/7
   854 | D:1      | Reached XP level 3. HP: 28/28 MP: 6/8
  1492 | D:2      | Reached XP level 4. HP: 24/35 MP: 10/10
  2045 | D:3      | Found Ijaohopn's Assorted Antiques.
  2107 | D:2      | Killed from afar by an orc wizard

Illustrated notes

Levels and vault maps discovered:
D:1:      sevenhm_arrival_forest_fort_small_5, layout_rooms,
          hellmonk_ecumenical_altar_dog_temple, grunt_decor_arrowhead
D:2:      layout_rooms, serial_bayou_pond_b
D:3:      layout_loops_ring, lemuel_coloured_pillars_altar, serial_shops,
          nicolae_shop_hallway_plus, nicolae_shop_stone, shop,
          nicolae_shop_hallway_plus, shop, uniq_sigmund, uniq_terence

Skill      XL: |  1  2 |
---------------+-------+-----
Fighting       | 1 |  1.9
Unarmed Combat | 3 |  3.7
Spellcasting   | 2 |  2.3
Transmutations | 2 |  2.4
Dodging        | 2 |  2.3

Action                   |  1- 3 |  4- 6 || total
-------------------------+-------+-------++-------
Melee: Unarmed           |   105 |    52 ||   157
       Kick              |    31 |     8 ||    39
       Headbutt          |    14 |     7 ||    21
       Punch             |     3 |       ||     3
 Cast: Beastly Appendage |    29 |     7 ||    36
 Stab: Sleeping          |     1 |       ||     1
Armor: Robe              |    22 |    17 ||    39
Dodge: Dodged            |    56 |    33 ||    89
Block: Other             |    11 |    22 ||    33
